 Dungeon Crawl Stone Soup version 0.19.5 (webtiles) character file.

299 JeffiDaFish the Covered (level 6, 0/38 HPs)
             Began as a Gargoyle Fighter on Aug 24, 2017.
             Slain by a gnoll
             ... wielding a +0 halberd
              (11 damage)
             ... on level 3 of the Dungeon.
             The game lasted 00:06:22 (2698 turns).

JeffiDaFish the Covered (Gargoyle Fighter)          Turns: 2698, Time: 00:06:23

Health: 0/38       AC: 14    Str: 19    XL:     6   Next: 36%
Magic:  6/6        EV:  5    Int:  9    God:
Gold:   133        SH: 10    Dex: 11    Spells: 0 memorised, 5 levels left

rFire  . . .     SeeInvis .     a - +0 flail
rCold  . . .     Gourm    .     e - +0 chain mail
rNeg   + . .     Faith    .     c - +1 shield
rPois  ∞         Spirit   .     (no helmet)
rElec  +         Reflect  .     (no cloak)
rCorr  .         Harm     .     (no gloves)
MR     +....                    (no boots)
Stlth  ..........               (no amulet)
                                (no ring)
                                (no ring)

@: flying
A: big wings, claws 1, magic resistance 1, negative energy resistance 1,
electricity resistance, unbreathing, petrification resistance, rot immunity, AC
+4
a: Stop Flying


You were on level 3 of the Dungeon.
You were not hungry.

You visited 1 branch of the dungeon, and saw 3 of its levels.
You also visited: Sewer.

You collected 133 gold pieces.

Inventory:

Hand Weapons
 a - a +0 flail (weapon)
Armour
 c - a +1 shield (worn)
 e - a +0 chain mail (worn)
Scrolls
 h - 3 scrolls of identify
Comestibles
 b - 2 meat rations
 f - 3 bread rations
 i - a beef jerky


   Skills:
 + Level 4.1 Fighting
 + Level 3.8 Maces & Flails
 + Level 4.7 Armour
 + Level 1.1 Dodging
 + Level 4.6 Shields


You had 5 spell levels left.
You didn't know any spells.

Dungeon Overview and Level Annotations

Branches:
Dungeon (3/15)

Altars:
Ashenzari
Dithmenos
Gozag

Shops:
D:2 *


Innate Abilities, Weirdness & Mutations

You are resistant to torment.
Your stone body is resilient. (AC +4)
You are immune to poison.
You resist negative energy. (rN+)
You are resistant to electric shocks. (rElec)
You can survive without breathing.
You are immune to petrification.
You are immune to rotting.
Your large and strong wings let you fly indefinitely.
You have sharp fingernails.
You are resistant to hostile enchantments. (MR+)


Message History

The gnoll hits you but does no damage. You block the gnoll's attack.
The gnoll hits you but does no damage.
You hit the gnoll.
The gnoll is severely wounded.
The gnoll hits you but does no damage. x3; The gnoll hits you with a spear.
You hit the gnoll.
You kill the gnoll!
The gnoll barely misses you.
The gnoll hits you from afar with a halberd.
You block the gnoll's attack. The gnoll hits you with a halberd.
* * * LOW HITPOINT WARNING * * *
Things that are here:
a spear; a throwing net; a gnoll corpse Your shield and chain mail prevent you from hitting the gnoll.
The gnoll barely misses you. You block the gnoll's attack.
The gnoll barely misses you.
You hit the gnoll.
The gnoll is moderately wounded.
The gnoll hits you with a halberd!
You die...

#≈≈≈#.# #..# #≈.≈#.#######..#
#≈≈≈#..<....#..#
#≈≈≈#.......#..##
#≈≈≈#.......#...##
#≈≈≈#.......##...#######
#...#.......#..........#
#...#............).....#
............#...@g.....#
............#...g......#
......###..##..........# .
......................###....
........#.#####......<....#
...................#####.....
........#.######.............
......#...## ###.............
.....####[.# #......###... ..


You could see 2 gnolls.

Vanquished Creatures
  A bullfrog (Sewer)
  2 gnolls (D:3)
  5 adders
  12 oozes (Sewer)
  A worm (D:2)
  A dart slug (D:1)
  14 leopard geckos
  A bat (D:2)
  16 giant cockroaches
  10 goblins
  6 hobgoblins
  A quokka (D:3)
  7 ball pythons (Sewer)
  13 frilled lizards
  5 kobolds
  9 rats
104 creatures vanquished.

Notes
Turn   | Place    | Note
-------+----------+-------------------------------------------
     0 | D:1      | JeffiDaFish the Gargoyle Fighter began the quest for the Orb.
     0 | D:1      | Reached XP level 1. HP: 14/14 MP: 1/1
   165 | D:1      | Reached XP level 2. HP: 16/19 MP: 2/2
   783 | D:2      | Reached XP level 3. HP: 24/24 MP: 3/3
   943 | D:2      | Gained mutation: You are resistant to hostile enchantments. (MR+) [potion of mutation]
   943 | D:2      | Gained mutation: You have sharp fingernails. [potion of mutation]
   943 | D:2      | Gained mutation: Your large and strong wings let you fly indefinitely. [potion of mutation]
  1135 | D:2      | Found an opulent altar of Gozag.
  1139 | D:2      | Found Gozag's Platinum Reserve.
  1172 | D:2      | Reached XP level 4. HP: 29/29 MP: 0/4
  1194 | D:2      | Found a faded altar of an unknown god.
  1297 | D:2      | Found a shattered altar of Ashenzari.
  1461 | D:2      | Found a shadowy altar of Dithmenos.
  1561 | D:3      | Found a glowing drain.
  1612 | Sewer    | Entered a sewer
  1746 | Sewer    | Reached XP level 5. HP: 19/33 MP: 5/5
  2419 | Sewer    | Reached skill level 1 in Dodging
  2419 | Sewer    | Reached XP level 6. HP: 20/38 MP: 6/6
  2698 | D:3      | Slain by a gnoll

Skill      XL: |  1  2  3  4  5 |
---------------+----------------+-----
Armour         | 4 |  4.7
Maces & Flails | 3 |  3.8
Shields        | 4 |  4.6
Fighting       | 4 |  4.1
Dodging        | 1 |  1.1

Action                   |  1- 3 |  4- 6 || total
-------------------------+-------+-------++-------
Melee: Flail             |   136 |   371 ||   507
 Abil: Fly               |     1 |       ||     1
  Use: Potion            |     4 |     1 ||     5
       Scroll            |     1 |     4 ||     5
  Eat: Chunk             |     1 |     6 ||     7
Armor: Chain mail        |    72 |   392 ||   464
       Scale mail        |     2 |       ||     2
Dodge: Dodged            |    27 |   148 ||   175
Block: Shield            |    70 |   275 ||   345
